 Dungeon Crawl Stone Soup version 0.28-a0-622-gbaef9634d7 (webtiles) character file.

Game seed: 9735704570047348787

876 karkarkar the Cleaver (level 8, -8/70 HPs)
             Began as a Hill Orc Fighter on Oct 7, 2021.
             Was an Initiate of Beogh.
             Mangled by a two-headed ogre (17 damage)
             ... on level 5 of the Dungeon.
             The game lasted 00:08:24 (4725 turns).

karkarkar the Cleaver (Hill Orc Fighter)            Turns: 4725, Time: 00:08:25

Health: -8/70      AC:  9    Str: 21    XL:     8   Next: 4%
Magic:  8/8        EV: 10    Int:  8    God:    Beogh [......]
Gold:   250        SH:  4    Dex: 10    Spells: 7/7 levels left

rFire   . . .      SeeInvis .   a - +1 war axe
rCold   . . .      Faith    .   c - +0 buckler
rNeg    . . .      Spirit   .   b - +0 scale mail
rPois   +          Reflect  .   (no helmet)
rElec   .          Harm     .   (no cloak)
rCorr   .          Rampage  .   i - +0 pair of gloves
Will    .....                   o - +0 pair of boots
Stlth   ..........              (no amulet)
HPRegen 0.21/turn               q - ring of poison resistance
MPRegen 0.11/turn               (no ring)

@: no status effects
A: no striking features
a: Renounce Religion


You were on level 5 of the Dungeon.
You worshipped Beogh.
Beogh was noncommittal.
You visited 1 branch of the dungeon, and saw 5 of its levels.

You collected 250 gold pieces.

Inventory:

Hand Weapons
 a - a +1 war axe (weapon)
 p - the +4 hunting sling of Animal Spirits {venom, rC+ Int+3 Stlth+}
   (You found it on level 4 of the Dungeon)

   Any ammunition fired from it poisons the flesh of those it strikes.
   Int:       It affects your intelligence (+3).
   rC:        It protects you from cold.
   Stlth:     It makes you more stealthy.
Armour
 b - a +0 scale mail (worn)
 c - a +0 buckler (worn)
 i - a +0 pair of gloves (worn)
 o - a +0 pair of boots (worn)
Jewellery
 q - a ring of poison resistance (left hand)
 r - a ring of resist corrosion
Scrolls
 n - a scroll of noise
Potions
 d - a potion of might
 e - a potion of berserk rage {unknown}
 f - a potion of attraction
 g - a potion of haste
 h - a potion of curing
 j - a potion of magic {unknown}
 k - a potion of degeneration {unknown}
 l - 2 potions of cancellation


   Skills:
 + Level 5.7 Fighting
 * Level 9.5 Axes
 + Level 0.4 Throwing
 - Level 3.2 Armour
 + Level 1.9 Dodging
 + Level 0.1 Stealth
 + Level 4.3 Shields


You had 7 spell levels left.
You didn't know any spells.
Your spell library was empty.

Dungeon Overview and Level Annotations

Branches:
Dungeon (5/15)             Temple (0/1) D:5

Altars:
Ashenzari
Cheibriados
Yredelemnul
The Shining One

Shops:
D:4 *


Message History

a +0 shortbow; 29 arrows You now have 236 gold pieces (gained 17).
You now have 250 gold pieces (gained 14).
A two-headed ogre is nearby!
You throw a poisoned dart.
The poisoned dart hits the two-headed ogre.
The two-headed ogre is poisoned.
The two-headed ogre shouts in stereo!
You throw a poisoned dart.
The poisoned dart hits the two-headed ogre.
You throw a poisoned dart.
The poisoned dart barely misses the two-headed ogre.
You throw a poisoned dart.
The poisoned dart hits the two-headed ogre.
The two-headed ogre looks even sicker.
The two-headed ogre is lightly wounded.
The two-headed ogre hits you with a +0 giant club.
The two-headed ogre hits you with a +0 giant spiked club!!
You hit the two-headed ogre but do no damage.
The two-headed ogre is lightly wounded.
The two-headed ogre hits you with a +0 giant club!!
You block the two-headed ogre's attack.
You slash the two-headed ogre!
The two-headed ogre is lightly wounded.
The two-headed ogre barely misses you.
The two-headed ogre completely misses you.
You slice the two-headed ogre!!
The two-headed ogre is heavily wounded.
You hit the two-headed ogre.
The two-headed ogre is severely wounded.
You block the two-headed ogre's attack. The two-headed ogre barely misses you.
You slash the two-headed ogre!
The two-headed ogre is severely wounded.
The two-headed ogre hits you with a +0 giant club!
The two-headed ogre hits you with a +0 giant spiked club!
* * * LOW HITPOINT WARNING * * *
You barely miss the two-headed ogre.
The two-headed ogre is severely wounded.
The two-headed ogre hits you with a +0 giant club!
You die...

##### ####...########
#.............#
#####..#####.####.#
..........##.####.####
###........#........
#.....#.#...@.......
#####........###O##.####
.............# #.#
#####.....#..# #(#
#..............
#.#....#.####.#
####.##.#.#.## #(#
.....)........ .#.
.....###...###


You could see a two-headed ogre (poisoned).

Vanquished Creatures
  An ogre (D:4)
  A sky beast (D:4)
  A phantom (D:4)
  A centaur (D:5)
  A bullfrog (D:4)
  A scorpion (D:5)
  2 hounds
  A centaur skeleton (D:4)
  A scorpion zombie (D:5)
  Natasha (thrice) (D:2)
  2 iguanas (D:5)
  7 gnolls (D:4)
  4 adders
  An ufetubus (D:4)
  2 worms
  2 dart slugs
  10 orcs (D:4)
  5 endoplasms
  4 giant cockroaches
  4 goblins
  3 hobgoblins
  6 kobolds
  4 quokkas
  6 ball pythons
  5 bats
  3 frilled lizards
  5 rats
86 creatures vanquished.

Vanquished Creatures (others)
  An orc priest (D:4)
  2 orcs (D:4)
3 creatures vanquished.

Grand Total: 89 creatures vanquished

Notes
Turn   | Place    | Note
-------+----------+-------------------------------------------
     0 | D:1      | karkarkar the Hill Orc Fighter began the quest for the Orb.
     0 | D:1      | Reached XP level 1. HP: 19/19 MP: 1/1
   192 | D:1      | Found a faded altar of an unknown god.
   221 | D:1      | Reached skill level 3 in Axes
   349 | D:1      | Reached XP level 2. HP: 27/27 MP: 2/2
   732 | D:2      | Noticed Natasha
   737 | D:2      | Killed Natasha
   738 | D:2      | Reached skill level 4 in Axes
   738 | D:2      | Reached XP level 3. HP: 12/33 MP: 3/3
   972 | D:2      | Noticed Natasha
   976 | D:2      | Killed Natasha
   977 | D:2      | Reached XP level 4. HP: 37/41 MP: 4/4
  1256 | D:2      | Noticed Natasha
  1269 | D:2      | Killed Natasha
  1270 | D:2      | Reached skill level 5 in Axes
  1421 | D:2      | Reached XP level 5. HP: 41/47 MP: 5/5
  2251 | D:3      | Found a basalt altar of Yredelemnul.
  2404 | D:4      | Found a glowing golden altar of the Shining One.
  2477 | D:4      | Identified the +4 hunting sling of Animal Spirits {venom,
                  | rC+ Int+3 Stlth+}
  2485 | D:4      | Found Netut's Gadget Gallery.
  2512 | D:4      | Reached skill level 1 in Dodging
  2558 | D:4      | Reached skill level 6 in Axes
  2782 | D:4      | Reached XP level 6. HP: 32/53 MP: 6/6
  3114 | D:4      | Reached skill level 5 in Fighting
  3114 | D:4      | Reached skill level 7 in Axes
  3339 | D:4      | Became a worshipper of Beogh the Brigand
  3358 | D:4      | Reached XP level 7. HP: 59/61 MP: 7/7
  3407 | D:4      | Reached skill level 8 in Axes
  3868 | D:5      | Entered Level 5 of the Dungeon
  3907 | D:5      | Found a snail-covered altar of Cheibriados.
  4204 | D:5      | Found a staircase to the Ecumenical Temple.
  4222 | D:5      | Noticed a two-headed ogre
  4257 | D:4      | Reached skill level 9 in Axes
  4570 | D:5      | Found a broken altar of Ashenzari.
  4630 | D:5      | Reached XP level 8. HP: 57/70 MP: 8/8
  4725 | D:5      | Mangled by a two-headed ogre

Illustrated notes

Levels and vault maps discovered:
D:1:      lemuel_arrival_cross, layout_rooms,
          dilly_ecumenical_altar_fadedgnrine,
          wander_ebering_terrifying_dragon_lair
D:2:      minmay_angry_zag, layout_basic, uniq_natasha
D:3:      layout_loops_ring, lemuel_coloured_pillars_altar
D:4:      layout_loops_ring, nicolae_overflow_crystal_walls,
          nicolae_shop_gadgets
D:5:      layout_loops_ring, cheibriados_altar_1,
          mainiacjoe_overflow_six_doors_small, minmay_temple_entry_slanted,
          minmay_misc_feat_square

Skill      XL: |  1  2  3  4  5  6  7 |
---------------+----------------------+-----
Axes           | 3 4 5 6 7 9 |  9.5
Fighting       | 4 5 |  5.7
Dodging        | 1 |  1.9
Shields        | 4 |  4.3
Throwing       | |  0.4
Armour         | |  3.2
Stealth        | |  0.1

Action                   |  1- 3 |  4- 6 |  7- 9 || total
-------------------------+-------+-------+-------++-------
Melee: War axe           |    56 |   152 |    81 ||   289
Throw: Dart              |       |     7 |     4 ||    11
Invok: Convert to Beogh  |       |     1 |       ||     1
  Use: Scroll            |     1 |     1 |     3 ||     5
       Potion            |       |     1 |       ||     1
Armor: Scale mail        |    30 |    61 |    36 ||   127
Dodge: Dodged            |    23 |    73 |    44 ||   140
Block: Buckler           |    11 |    31 |    16 ||    58

Table legend: (Time is in decaauts)
 A = Elapsed time spent in this place.
 B = Non-inter-level travel time spent in this place.
 C = Inter-level travel time spent in this place.
 D = Time resting spent in this place.
 E = Time spent auto-exploring this place.
 F = Levels seen in this place.
 G = Mean time per level.
                   A        B        C        D        E       F      G
               +--------+--------+--------+--------+--------+-----+--------+
         Total |   4766 |   4728 |     38 |   1027 |   2699 |   5 |  953.2 |
       Dungeon |   4766 |   4728 |     38 |   1027 |   2699 |   5 |  953.2 |
               +--------+--------+--------+--------+--------+-----+--------+

Top non-repeatable levels by time:
     D:4: 1405 daAuts
     D:2: 1014 daAuts
     D:3: 945 daAuts
     D:1: 748 daAuts
     D:5: 653 daAuts
